Map: Emerald City LE

Players

Massa

  • Race: Terran Terran
  • League: Platinum
  • Spawn Location: 5:00

qqq

  • Race: Zerg Zerg
  • Spawn Location: 5:00

Pyro - Winner!

  • Race: Terran Terran
  • Spawn Location: 11:00

Rustaveli - Winner!

  • Race: Zerg Zerg
  • League: Platinum
  • Spawn Location: 11:00

VOD

Have the link to the VOD?

Description

Time

  • Played on: Oct. 25, 2020, 6:10 a.m.
  • Length: 13:18
Show
View Real Time Build Order
Export as new Build Order

Massa Terran 

Build Orders:  

Get SALT Encoding   

  12  0:00  SCV  
  13  0:12  SCV  
  14  0:21  Supply Depot  
  14  0:24  SCV  
  15  0:43  SCV  
  15  0:45  Barracks  
  16  0:54  Refinery  
  16  0:55  SCV  
  17  1:07  SCV  
  18  1:19  SCV  
  20  1:33  Orbital Command  
  20  1:37  Reaper  
  20  1:41  Command Center  
  20  1:57  Supply Depot  
  20  1:59  SCV  
  21  2:09  Marine  
  22  2:24  Supply Depot  
  22  2:32  SCV  
  23  2:39  Refinery  
  23  2:42  Barracks Reactor  
  23  2:44  SCV  
  23  2:47  Factory  
  24  2:54  Supply Depot  
  24  2:56  Orbital Command  
  24  2:57  SCV  
  25  3:09  SCV  
  26  3:19  Marine  
  25  3:20  Marine  
  25  3:24  Bunker  
  27  3:27  Supply Depot  
  29  3:34  Hellion  
  29  3:37  Marine x2  
  30  3:46  Supply Depot  
  30  3:47  Supply Depot  
  30  3:50  Supply Depot  
  30  3:55  Marine x2  
  31  4:00  Factory Tech Lab  
  32  4:13  Marine x2  
  33  4:21  Barracks  
  33  4:31  Marine x2, Siege Tank  
  38  4:55  SCV x2  
  38  4:57  Marine x2  
  42  5:03  Siege Tank  
  45  5:07  SCV  
  46  5:15  Marine x2  
  46  5:20  Barracks  
  48  5:23  Refinery  
  48  5:32  Starport  
  48  5:33  Marine x2  
  50  5:50  Marine, Siege Tank  
  50  5:51  Marine  
  55  6:08  Marine x2  
  48  6:22  Siege Tank  
  51  6:28  Marine x2  
  51  6:29  Barracks Tech Lab  
  52  6:46  Engineering Bay  
  38  6:54  SCV, Siege Tank  
  42  7:06  SCV  
  40  7:16  Missile Turret  
  40  7:19  SCV  
  41  7:23  SCV, Missile Turret  
  42  7:31  SCV  
  42  7:35  SCV  
  44  7:43  SCV, Missile Turret  
  42  7:47  SCV  
  43  7:53  Stimpack  
  40  8:05  SCV x2  
  42  8:11  Missile Turret  
  42  8:13  Missile Turret  
  42  8:17  SCV x2  
  44  8:27  Terran Infantry Weapons Level 1  
  44  8:28  Siege Tank  
  44  8:29  SCV  
  44  8:31  Marauder, Marine x2  
  52  8:34  Missile Turret  
  52  8:37  Missile Turret  
  52  8:38  Missile Turret  
  52  8:46  Missile Turret  
  52  8:49  Marine x2, Missile Turret  
  52  8:52  Marauder  
  52  8:54  Missile Turret  
  56  8:55  Missile Turret  
  56  8:56  SCV  
  56  8:57  SCV  
  58  9:06  Marine x2  
  58  9:08  Medivac  
  58  9:09  SCV x2  
  64  9:13  Marine  
  65  9:19  Siege Tank  
  65  9:21  SCV  
  69  9:24  Marine x2  
  71  9:31  Marine  
  71  9:33  Combat Shield  
  72  9:38  Medivac  
  72  9:42  Marine x2  
  76  9:49  Marauder  
  78  10:00  Marine x2  
  78  10:04  Starport  
  80  10:08  Medivac  
  80  10:09  SCV  
  80  10:10  Refinery, SCV, Marine  
  85  10:18  Marine  
  85  10:20  Armory  
  86  10:21  Terran Infantry Armor Level 1  
  86  10:29  Supply Depot  
  86  10:30  Supply Depot  
  86  10:40  SCV x2  
  81  10:49  Marine x3  
  83  10:51  Concussive Shells  
  83  10:52  SCV x2, Supply Depot  
  83  10:56  Barracks  
  83  10:59  Medivac  
  83  11:00  Medivac  
  87  11:07  Marine x3  
  89  11:24  Marine  
  89  11:25  Marine  
  82  11:35  Marauder  
  84  11:42  Marine x2  
  86  11:56  Marine  
  86  11:57  Viking  
  86  11:58  Viking  
  86  12:00  Marine  
  76  12:27  Viking  
  76  12:28  Viking  
  79  12:30  Marauder  
  79  12:32  Barracks Reactor, Marine x2  
  83  12:50  Marine x2  
  85  12:52  Marauder  
Show
View Real Time Build Order
Export as new Build Order

qqq Zerg 

Build Orders: Hatch First, Swarm Host 

Get SALT Encoding   

  12  0:00  Drone  
  13  0:15  Drone  
  14  0:39  Hatchery  
  14  0:40  Drone  
  14  0:56  Spawning Pool  
  13  1:05  Overlord  
  13  1:06  Drone  
  13  1:09  Extractor  
  13  1:12  Drone  
  14  1:24  Drone  
  15  1:35  Drone  
  16  1:41  Drone  
  16  1:45  Queen  
  19  1:51  Drone  
  20  1:58  Queen  
  22  2:05  Drone x2  
  24  2:11  Drone  
  24  2:14  Drone  
  25  2:25  Drone x2  
  25  2:27  Metabolic Boost  
  27  2:31  Zergling x2  
  27  2:36  Overlord  
  28  2:43  Overlord  
  28  2:48  Overlord  
  28  2:57  Zergling x2  
  30  2:58  Drone x2  
  31  3:08  Zergling x6  
  31  3:09  Zergling x2  
  35  3:26  Zergling x4  
  35  3:27  Zergling x6  
  37  3:43  Zergling x6  
  37  3:44  Drone  
  41  3:59  Drone, Zergling x2, Baneling Nest  
  41  4:00  Drone x2  
  41  4:01  Lair  
  44  4:19  Spine Crawler  
  43  4:24  Drone x2  
  43  4:26  Spine Crawler, Zergling x4  
  43  4:29  Drone x2  
  43  4:30  Drone  
  49  4:34  Extractor  
  48  4:50  Overlord x2  
  48  4:51  Overlord x3  
  38  5:24  Drone  
  39  5:30  Nydus Network  
  39  5:32  Drone x3  
  39  5:33  Drone, Infestation Pit  
  39  5:34  Drone x2  
  43  5:39  Drone x2  
  43  5:40  Drone x4  
  49  5:43  Extractor  
  48  5:55  Drone x2  
  50  6:01  Zergling x2  
  50  6:02  Zergling x6  
  50  6:03  Zergling x2  
  53  6:09  Zergling x2  
  52  6:22  Drone x2  
  52  6:23  Zergling x2  
  52  6:25  Drone  
  56  6:27  Swarm Host  
  59  6:36  Spore Crawler  
  59  6:38  Spore Crawler  
  57  6:41  Spore Crawler  
  57  6:43  Hydralisk Den  
  57  6:44  Drone x4, Spore Crawler  
  58  6:47  Extractor  
  49  7:08  Nydus Canal  
  49  7:14  Hydralisk x4  
  49  7:15  Hydralisk x2  
  61  7:16  Hydralisk x2  
  61  7:17  Hydralisk x2  
  69  7:25  Hydralisk Den  
  68  7:30  Overlord  
  68  7:31  Overlord x3  
  67  8:05  Swarm Host x4  
  73  8:07  Queen  
  73  8:09  Overlord x4  
  81  8:32  Swarm Host x2  
  87  8:45  Nydus Canal, Swarm Host  
  87  8:48  Zergling x12  
  84  8:55  Swarm Host  
  84  9:00  Drone  
  88  9:11  Hydralisk  
  88  9:12  Hydralisk  
  88  9:14  Zergling x2  
  93  9:31  Hatchery, Hydralisk  
  93  9:32  Hydralisk x2  
  93  9:33  Zergling x4  
  93  9:34  Zergling x4  
  93  9:36  Hatchery  
  101  9:49  Hatchery  
  100  9:59  Nydus Canal  
  99  10:00  Hydralisk x3  
  99  10:02  Drone x3  
  104  10:11  Hydralisk  
  104  10:13  Hydralisk  
  106  10:28  Overseer  
  106  10:43  Hydralisk x3  
  106  10:48  Spore Crawler  
  111  10:50  Spore Crawler  
  87  11:25  Hydralisk x6  
  85  11:26  Hydralisk  
  99  11:37  Drone x3, Hydralisk  
  98  11:57  Lurker Den  
  98  11:58  Spore Crawler  
  98  11:59  Spore Crawler  
  68  12:18  Hatchery  
  68  12:22  Drone x3  
  64  12:35  Drone  
  65  12:45  Hatchery  
  65  12:48  Drone  
  67  12:53  Spore Crawler  
  67  12:55  Spore Crawler  
  67  12:56  Spore Crawler  
  64  13:00  Hatchery, Spore Crawler x2  
  64  13:02  Spore Crawler  
  60  13:12  Hydralisk Den  
Show
View Real Time Build Order
Export as new Build Order

Pyro Terran - Winner!

Build Orders:  

Get SALT Encoding   

  12  0:00  SCV  
  13  0:12  SCV  
  14  0:18  Supply Depot  
  14  0:24  SCV  
  15  0:30  Refinery  
  15  0:45  Barracks  
  15  0:46  SCV  
  16  0:58  SCV  
  17  1:08  Barracks  
  17  1:10  SCV  
  18  1:22  SCV  
  19  1:30  Supply Depot  
  19  1:34  SCV  
  19  1:37  Barracks Tech Lab  
  20  1:40  Refinery  
  20  1:46  SCV  
  21  1:55  Factory  
  21  1:57  Marine  
  22  2:02  SCV  
  23  2:09  Marauder  
  23  2:14  SCV  
  26  2:26  SCV  
  26  2:27  Stimpack  
  27  2:33  Marauder  
  27  2:34  Marine  
  30  2:44  Orbital Command  
  30  2:51  Supply Depot  
  30  2:54  Marine  
  31  2:58  Factory Reactor  
  31  3:07  Starport  
  31  3:14  Marauder  
  31  3:17  Marine  
  34  3:24  Supply Depot  
  34  3:32  Armory  
  34  3:43  Marine x2  
  34  3:45  Medivac  
  38  3:53  Supply Depot  
  38  3:57  Marine  
  38  3:58  Factory Reactor  
  39  4:04  Marine x2  
  41  4:14  Marine  
  41  4:15  Medivac  
  44  4:22  Marine x2  
  46  4:35  Hellion x2  
  46  4:37  Marauder  
  52  4:44  Supply Depot  
  52  4:46  Marine  
  53  4:55  Supply Depot  
  53  4:56  Hellion  
  57  5:00  Hellion  
  51  5:27  Marine  
  51  5:28  Marine  
  53  5:33  Factory Tech Lab  
  30  6:22  Command Center  
  30  6:25  SCV  
  29  6:28  Siege Tank  
  29  6:30  Marine  
  29  6:31  Combat Shield  
  29  6:32  Marine x2  
  35  6:37  SCV, Terran Vehicle Weapons Level 1  
  36  6:47  Viking  
  36  6:49  Marine  
  39  6:59  Marine x2  
  39  7:00  Siege Tank  
  44  7:04  Engineering Bay  
  44  7:07  Marine  
  45  7:08  SCV  
  46  7:16  Medivac  
  46  7:17  Medivac  
  50  7:31  Marine x3  
  50  7:35  Engineering Bay, Terran Infantry Weapons Level 1  
  53  7:42  Orbital Command  
  53  7:44  SCV  
  53  7:46  Medivac  
  53  7:48  Marine  
  57  7:54  Marine x2  
  57  7:56  SCV  
  60  8:06  Marine  
  60  8:08  SCV  
  60  8:11  Terran Infantry Armor Level 1  
  60  8:12  Marine x2  
  64  8:14  Siege Tank  
  64  8:15  SCV  
  68  8:20  SCV  
  68  8:24  Marine  
  70  8:30  Marine  
  71  8:40  SCV  
  71  8:41  SCV  
  73  8:45  Refinery  
  73  8:46  Marine x2, Siege Tank  
  73  8:47  Refinery  
  78  8:48  Medivac x2  
  82  8:59  SCV x2  
  84  9:06  Marine x2  
  84  9:07  Marine  
  87  9:11  SCV x2  
  87  9:14  Barracks  
  87  9:15  Barracks  
  89  9:19  Supply Depot  
  89  9:20  Supply Depot  
  89  9:24  Supply Depot  
  89  9:27  Siege Tank  
  89  9:30  Marine  
  93  9:31  Marine  
  93  9:33  Concussive Shells  
  93  9:37  Marine  
  95  9:39  Medivac  
  97  9:59  SCV x2  
  99  10:15  Medivac, Missile Turret  
  99  10:16  Missile Turret  
  99  10:17  SCV  
  99  10:19  Missile Turret x2  
  99  10:20  SCV  
  103  10:21  Missile Turret  
  103  10:29  SCV, Siege Tank  
  103  10:30  Marine  
  108  10:36  Marine x3  
  108  10:37  Marine  
  112  10:52  SCV x2, Marine  
  112  10:54  Marine x3  
  108  12:07  SCV x2, Marine  
  111  12:09  Marine  
  111  12:10  Marine x3  
  111  12:13  Siege Tank  
  84  12:25  Marine  
  84  12:27  Marine x2  
  87  12:31  Command Center  
  87  12:32  Barracks Reactor  
  87  12:37  Refinery  
  87  12:38  Refinery, Barracks x2  
  87  12:40  Barracks  
  87  12:44  Barracks  
  87  12:45  Siege Tank  
Show
View Real Time Build Order
Export as new Build Order

Rustaveli Zerg - Winner!

Build Orders: Pool First 

Get SALT Encoding   

  12  0:00  Drone  
  13  0:09  Drone  
  13  0:13  Extractor  
  13  0:16  Drone  
  14  0:25  Overlord  
  14  0:43  Spawning Pool  
  14  0:46  Drone  
  14  0:53  Drone  
  15  0:59  Drone  
  15  1:03  Drone  
  17  1:08  Drone  
  18  1:19  Drone  
  18  1:25  Extractor  
  18  1:29  Metabolic Boost  
  18  1:34  Queen  
  18  1:39  Drone  
  21  1:49  Zergling x2  
  21  1:53  Overlord  
  22  2:25  Zergling x6  
  22  2:29  Lair  
  25  2:38  Drone  
  25  2:43  Hatchery  
  25  2:48  Drone x2  
  27  2:59  Drone x2  
  27  3:42  Zergling x4  
  27  3:43  Zergling x2  
  27  3:45  Overlord  
  30  3:52  Spire  
  30  3:53  Drone  
  30  3:57  Drone  
  30  3:58  Queen  
  30  4:00  Overlord  
  33  4:14  Overlord x2  
  34  4:17  Drone x2  
  34  4:19  Drone  
  34  4:20  Drone  
  37  4:24  Extractor  
  36  4:53  Drone  
  36  4:54  Drone x2  
  38  5:06  Mutalisk x5  
  38  5:07  Mutalisk  
  44  5:08  Mutalisk  
  52  5:34  Mutalisk x2  
  55  5:37  Overlord x2  
  55  5:41  Extractor  
  54  5:45  Zerg Flyer Weapons Level 1  
  54  5:55  Drone  
  54  5:56  Drone x2  
  57  6:07  Drone x2  
  57  6:08  Drone x2  
  61  6:12  Drone x3  
  64  6:33  Hatchery  
  59  7:54  Mutalisk x6  
  59  7:55  Mutalisk  
  73  8:01  Mutalisk x5  
  73  8:03  Overlord  
  76  9:07  Mutalisk x3  
  82  9:10  Zerg Flyer Armor Level 1  
  82  9:12  Drone  
  82  9:13  Drone x2  
  85  9:24  Hatchery  
  84  9:28  Baneling Nest  
  83  9:32  Hatchery  
  82  9:43  Zergling x10  
  87  10:12  Mutalisk x2  
  90  10:34  Centrifical Hooks  
  86  11:00  Spine Crawler  
  86  11:03  Zergling x2  
  86  11:04  Zergling x14  
  89  11:05  Spine Crawler, Zergling x10  
  89  11:10  Spine Crawler  
  84  11:37  Baneling x2  
  84  11:40  Baneling x4  
  84  11:41  Baneling x7  
  84  11:42  Baneling x6  
  84  11:43  Baneling x5  
  84  11:49  Mutalisk x6  
  84  11:50  Mutalisk x4  
  103  12:52  Overlord x4  
Tags
 
Add a new tag
Caveats
  • Supply blocks, unpowered buildings, or Contaminate may cause inaccurate times.
  • Supply counts are checked every 10 seconds.